 Dungeon Crawl Stone Soup version 0.19.5 (webtiles) character file.

53 equalderp2856 the Caller (level 3, 0/15 HPs)
             Began as a Felid Summoner on Apr 1, 2017.
             Slain by a river rat (6 damage)
             ... on level 4 of the Dungeon.
             The game lasted 00:06:48 (2726 turns).

equalderp2856 the Caller (Felid Summoner)           Turns: 2726, Time: 00:06:49

Health: 0/15       AC:  1    Str:  4    XL:     3   Next: 64%
Magic:  2/8        EV: 24    Int: 16    God:
Gold:   121        SH:  0    Dex: 22    Spells: 2 memorised, 5 levels left
                                        Lives:  0   Deaths: 0

rFire  . . .     SeeInvis +     (weapon unavailable)
rCold  . . .     Gourm    .     (armour unavailable)
rNeg   . . .     Faith    .     (shield unavailable)
rPois  .         Spirit   .     (helmet unavailable)
rElec  .         Reflect  .     (cloak unavailable)
rCorr  .         Harm     .     (gloves unavailable)
MR     .....                    (boots unavailable)
Stlth  ++++......               (no amulet)
                                (no ring)
                                (no ring)

@: agile, very slightly contaminated, hasted, very quick
A: no armour, no weapons or thrown items, stealth, claws 1, fangs 3, see
invisible, carnivore 3, speed 1, shaggy fur 1, slow metabolism 1, sharp paws
a: no special abilities


You were on level 4 of the Dungeon.
You were not hungry.

You visited 1 branch of the dungeon, and saw 6 of its levels.

You collected 121 gold pieces.

Inventory:

Jewellery
 k - an uncursed ring of see invisible {unknown}
Scrolls
 d - 3 scrolls of recharging {unknown}
 h - 2 scrolls of remove curse {unknown}
 i - a scroll of immolation {unknown}
 l - a scroll of fear {unknown}
Potions
 e - a potion of haste
 f - a potion of brilliance {unknown}
 g - a potion of magic {unknown}
 j - a potion of lignification {unknown}
Books
 a - a book of Callings

   Spells                             Type                      Level
   a - Summon Small Mammal            Summoning                    1
   b - Call Imp                       Summoning                    2
   c - Call Canine Familiar           Summoning                    3
   d - Summon Guardian Golem          Hexes/Summoning              3
   e - Summon Lightning Spire         Summoning/Air                4
   f - Summon Ice Beast               Ice/Summoning                4
Comestibles
 b - 2 meat rations


   Skills:
 + Level 0.4 Fighting
 + Level 3.1 Dodging
 + Level 3.3 Stealth
 + Level 3.2 Spellcasting
 - Level 4.0 Summonings


You had 5 spell levels left.
You knew the following spells:

 Your Spells              Type           Power        Failure   Level  Hunger
a - Summon Small Mammal   Summ           ###.         4%          1    None
b - Call Imp              Summ           ###.....     8%          2    ##.....


Dungeon Overview and Level Annotations

Branches:
Dungeon (6/15)
 Temple: D:4-7

Altars:
Gozag

Shops:
D:4 *

Portals:
Sewer: D:5

Annotations:
D:2 Robin, Sigmund
D:6 Rester5115's ghost, novice MiFi


Innate Abilities, Weirdness & Mutations

You cannot wear armour.
You are incapable of wielding weapons or throwing items.
Your paws allow you to move quietly. (Stealth)
You have sharp claws.
You have razor-sharp teeth.
You have supernaturally acute eyesight. (SInv)
You are carnivorous and can eat meat at any time.
You cover ground quickly.
You are covered in fur. (AC +1)
You have a slow metabolism.
Your sharp claws are effective at attacking unaware monsters.


Message History

Okay, then.
It was a potion of haste.
You feel yourself speed up.
You are very lightly contaminated with residual magic.
You closely miss the river rat.
The river rat is severely wounded.
The river rat bites you.
It was a potion of agility.
You feel agile all of a sudden. The sky beast misses you.
The river rat completely misses you.
You scratch the river rat but do no damage.
The river rat is severely wounded.
The sky beast barely misses you.
You closely miss the river rat.
You bite the river rat, but do no damage.
The river rat is severely wounded.
The river rat misses you.
You scratch the river rat but do no damage.
The river rat is severely wounded.
The sky beast completely misses you. The river rat bites you.
You die...

## .# ### .#
##.#######.##
#....r..$>..#
##.#######..#
# #r# ..#
#####.##@#
..#
....∩..Y.#
..#
......####
..# ##### ^.#
...


You could see a sky beast and a river rat.

Vanquished Creatures
  An adder (D:5)
  A leopard gecko (D:1)
  A giant cockroach (D:3)
  A quokka (D:6)
  A ball python (D:1)
  2 bats (D:1)
  A frilled lizard (D:1)
  A kobold (D:1)
  A rat (D:5)
10 creatures vanquished.

Vanquished Creatures (collateral kills)
  A worker ant (D:5)
  2 adders
  2 giant cockroaches (D:1)
  4 goblins
  4 hobgoblins
  4 kobolds (D:1)
  2 ball pythons (D:5)
  A bat (D:2)
  3 rats (D:1)
23 creatures vanquished.

Grand Total: 33 creatures vanquished

Notes
Turn   | Place    | Note
-------+----------+-------------------------------------------
     0 | D:1      | equalderp2856 the Felid Summoner began the quest for the Orb.
     0 | D:1      | Reached XP level 1. HP: 7/7 MP: 4/4
   900 | D:1      | Reached XP level 2. HP: 11/11 MP: 3/6
   967 | D:1      | Learned a level 2 spell: Call Imp
  1955 | D:2      | Noticed Robin
  1980 | D:2      | Noticed Sigmund
  2012 | D:3      | Found an opulent altar of Gozag.
  2357 | D:3      | You fall through a shaft for 3 floors!
  2375 | D:6      | Noticed Rester5115's ghost (novice MiFi)
  2436 | D:5      | Entered Level 5 of the Dungeon
  2447 | D:5      | Reached XP level 3. HP: 10/15 MP: 5/8
  2615 | D:5      | Found a glowing drain.
  2718 | D:4      | Found Toanou's Assorted Antiques.
  2718 | D:4      | Noticed a sky beast
  2726 | D:4      | Slain by a river rat

Skill      XL: |  1  2  3 |
---------------+----------+-----
Stealth        | 3 |  3.3
Dodging        | 3 |  3.1
Spellcasting   | 3 |  3.2
Fighting       | |  0.4
Summonings     | |  4.0

Action                   || total
-------------------------++-------
Melee: Unarmed           ||    81
       Bite              ||     9
 Cast: Summon Small Mamm ||    34
       Call Imp          ||    20
  Use: Potion            ||     2
 Stab: Sleeping          ||     4
       Distracted        ||     1
  Eat: Chunk             ||     5
Armor: Skin              ||     5
Dodge: Dodged            ||    99
